Map: Odyssey LE

Players

Reece

  • Race: Zerg Zerg
  • League: Silver
  • Spawn Location: 5:00

BsB - Winner!

  • Race: Terran Terran
  • Spawn Location: 11:00

VOD

Have the link to the VOD?

Description

Time

  • Played on: May 15, 2017, 8:52 p.m.
  • Length: 13:22
Show
View Real Time Build Order
Export as new Build Order

Reece Zerg 

Build Orders: Pool First, Muta Ling Bane, Zergling Baneling 

Get SALT Encoding   

  12  0:02  Drone  
  13  0:13  Overlord  
  13  0:18  Drone  
  14  0:32  Extractor  
  13  0:39  Spawning Pool  
  13  0:40  Drone  
  13  0:45  Drone  
  13  0:49  Drone  
  15  0:54  Drone  
  16  1:22  Hatchery  
  15  1:34  Queen  
  15  1:38  Drone  
  18  1:46  Metabolic Boost  
  18  1:51  Zergling x2  
  19  1:56  Zergling x2  
  20  2:05  Overlord  
  20  2:21  Drone x2, Baneling Nest  
  21  2:39  Zergling x4  
  21  2:43  Zergling x2  
  24  2:46  Queen  
  26  2:54  Drone x2  
  27  3:27  Zergling x10  
  28  3:28  Zergling x4  
  28  3:33  Lair  
  33  3:44  Drone  
  33  3:48  Baneling x4  
  34  3:49  Baneling x4  
  34  4:00  Drone x2, Extractor  
  35  4:09  Drone  
  36  4:12  Overlord x2  
  36  4:40  Centrifical Hooks  
  32  5:05  Zergling x8  
  32  5:06  Zergling x8  
  32  5:07  Zergling x4  
  36  5:18  Extractor  
  36  5:20  Drone x2  
  36  5:21  Drone x4  
  40  5:22  Extractor  
  40  5:28  Queen  
  40  5:32  Overlord  
  42  5:43  Baneling x4  
  42  5:44  Baneling  
  32  6:35  Zergling x12  
  38  6:43  Spire  
  37  6:49  Drone x3  
  40  7:33  Drone x4, Hatchery  
  40  7:34  Drone x3  
  40  7:36  Overlord x2  
  46  7:46  Drone x4  
  46  7:47  Drone  
  47  8:30  Zergling x10  
  47  8:31  Zergling x6  
  55  8:37  Mutalisk x5  
  55  8:38  Mutalisk  
  67  8:44  Zerg Flyer Weapons Level 1  
  67  8:48  Overlord x2  
  65  9:06  Spore Crawler  
  64  9:12  Spine Crawler  
  64  9:15  Spore Crawler  
  62  9:24  Baneling x5  
  62  9:25  Baneling x3  
  62  9:26  Zergling x6  
  62  9:27  Zergling x10  
  62  9:28  Zergling x2  
  62  9:29  Spore Crawler  
  70  9:34  Spore Crawler  
  70  9:37  Spore Crawler  
  68  9:42  Drone x2  
  68  9:44  Queen  
  72  9:51  Spore Crawler  
  71  10:17  Baneling x5  
  71  10:18  Baneling x2, Mutalisk  
  71  10:19  Mutalisk x5  
  71  10:20  Mutalisk x2  
  87  10:34  Evolution Chamber  
  86  10:37  Evolution Chamber  
  86  10:41  Drone x2  
  86  10:42  Drone  
  88  11:30  Queen  
  90  11:39  Overlord x2  
  90  11:56  Queen  
  47  12:24  Infestation Pit  
  46  12:36  Zergling x8  
  46  12:37  Zergling x8  
  52  12:38  Mutalisk  
  52  12:39  Mutalisk x4  
  52  12:41  Corruptor x5  
Show
View Real Time Build Order
Export as new Build Order

BsB Terran - Winner!

Build Orders: MMM Bio 

Get SALT Encoding   

  12  0:01  SCV  
  13  0:13  SCV  
  14  0:18  Supply Depot  
  14  0:27  SCV  
  15  0:40  SCV  
  16  0:48  Barracks  
  16  0:52  SCV  
  16  0:57  Refinery  
  17  1:04  SCV  
  18  1:16  SCV  
  19  1:41  Command Center, Barracks Reactor  
  19  1:47  Orbital Command  
  19  2:13  SCV  
  20  2:20  Marine x2  
  22  2:25  SCV  
  23  2:30  Supply Depot  
  23  2:44  Barracks  
  23  2:48  Barracks  
  23  2:52  Marine x2, SCV  
  26  3:04  SCV  
  28  3:06  Orbital Command  
  27  3:16  SCV  
  25  3:23  Marine x2  
  27  3:28  SCV  
  28  3:34  Barracks Reactor  
  28  3:36  Barracks Tech Lab  
  28  3:38  Barracks Reactor  
  28  3:40  SCV  
  29  3:41  Marine x2  
  29  3:44  SCV  
  32  3:52  SCV  
  32  3:53  Refinery  
  33  3:56  SCV  
  33  3:57  Marine, Stimpack  
  33  3:59  Marine x2  
  37  4:04  SCV  
  38  4:14  SCV  
  38  4:15  Marine  
  38  4:17  SCV  
  41  4:20  Supply Depot  
  41  4:26  SCV, Engineering Bay  
  41  4:29  SCV  
  43  4:31  Factory  
  43  4:40  Marine x3  
  43  4:41  Marine x2, SCV  
  49  4:48  Supply Depot  
  49  4:54  SCV  
  49  4:58  Marine  
  49  5:06  Marine x4, SCV  
  44  5:09  Terran Infantry Weapons Level 1  
  44  5:16  Marine  
  44  5:18  SCV, Starport  
  47  5:21  SCV, Supply Depot  
  47  5:23  Marine  
  48  5:30  SCV  
  48  5:33  Marine x2, SCV  
  48  5:34  Marine  
  48  5:35  Marine  
  54  5:38  Factory Reactor  
  54  5:41  Marine  
  54  5:42  SCV  
  56  5:45  SCV  
  57  5:51  Marine x2  
  57  5:52  Marine x2  
  57  5:54  SCV  
  62  5:57  SCV  
  63  6:04  Combat Shields  
  63  6:06  SCV  
  63  6:09  SCV  
  45  6:26  Marine x5  
  50  6:34  SCV  
  50  6:37  SCV  
  52  6:44  Marine x2  
  52  6:46  SCV, Medivac x2  
  59  6:48  Marine  
  59  6:49  SCV  
  59  6:50  Marine  
  62  6:57  Barracks  
  62  6:59  Barracks  
  62  7:00  Supply Depot  
  62  7:01  SCV  
  63  7:02  Marine, SCV  
  63  7:06  Marine  
  63  7:07  Marine  
  67  7:16  Medivac  
  67  7:22  Medivac  
  71  7:24  Marine, Supply Depot  
  72  7:31  SCV  
  72  7:32  SCV  
  74  7:40  Marine x4  
  78  7:45  Marine, SCV x2  
  78  7:49  Barracks Reactor  
  81  7:53  Barracks Tech Lab  
  81  7:54  Concussive Shells  
  81  7:56  Terran Infantry Armor Level 1  
  81  7:57  SCV x2  
  81  7:58  Marine  
  84  8:05  Marine x2  
  86  8:18  Supply Depot  
  86  8:20  Supply Depot  
  86  8:39  Marine x2, SCV  
  88  8:42  Supply Depot  
  88  8:45  Supply Depot  
  88  8:49  Marine x3  
  88  8:50  Marine x3  
  94  8:57  Marine x2  
  96  9:05  Supply Depot  
  96  9:07  Marine x3  
  96  9:08  Supply Depot  
  96  9:09  Armory  
  99  9:13  Engineering Bay  
  99  9:21  Medivac  
  99  9:22  Medivac  
  99  9:23  Marine x2  
  105  9:32  Supply Depot, Command Center  
  105  9:35  SCV  
  106  9:47  SCV  
  106  9:51  Medivac  
  106  9:52  Medivac  
  111  9:57  Missile Turret  
  111  10:01  Missile Turret  
  111  10:21  Marine x5  
  111  10:22  Marine x3, Medivac  
  111  10:23  Medivac  
  111  10:24  Missile Turret  
  123  10:32  Terran Infantry Armor Level 2  
  123  10:39  Marine x5  
  128  10:42  Refinery  
  128  10:43  Refinery  
  128  10:47  Missile Turret  
  128  10:51  Marine  
  128  10:52  Marine x2, Medivac  
  128  10:53  Medivac  
  128  10:54  SCV  
  128  10:56  Marine  
  128  10:57  Marine x4  
  137  11:00  Orbital Command  
  137  11:02  SCV  
  142  11:06  SCV  
  142  11:09  Marine  
  144  11:14  SCV  
  144  11:18  Marine x5, SCV  
  146  11:19  Marine x2  
  153  11:26  SCV  
  153  11:29  Supply Depot  
  153  11:30  SCV  
  155  11:34  SCV  
  155  11:39  SCV  
  157  11:50  Marine x6, SCV x2  
  157  11:51  Supply Depot  
  157  11:52  Supply Depot  
  165  12:04  SCV x3  
  140  12:15  Supply Depot  
  139  12:16  SCV  
  139  12:17  Marine x6  
  139  12:18  Marauder x2  
  150  12:25  Medivac x2  
  150  12:28  SCV x3  
  157  12:35  Marine x6  
  163  12:40  Marauder x2, SCV x2  
  169  12:52  Marine  
  169  12:53  Marine x5  
  179  13:00  Marine, SCV x3  
  179  13:01  Marine  
  189  13:19  Supply Depot  
Tags
 
Add a new tag
Caveats
  • Supply blocks, unpowered buildings, or Contaminate may cause inaccurate times.
  • Supply counts are checked every 10 seconds.